 Dungeon Crawl Stone Soup version 0.28.0-45-g0d030f2227 (webtiles) character file.

Game seed: 15858862755232683053

207 seaoflcl the Covered (level 6, -5/48 HPs)
             Began as a Human Fighter on Apr 24, 2022.
             Slain by Pikel
             ... wielding a +2 whip of flaming
              (7 damage)
             ... on level 3 of the Dungeon.
             The game lasted 00:03:41 (3062 turns).

seaoflcl the Covered (Human Fighter)                Turns: 3062, Time: 00:03:42

Health: -5/48      AC:  8    Str: 18    XL:     6   Next: 11%
Magic:  6/6        EV:  9    Int:  9    God:
Gold:   141        SH:  4    Dex: 12    Spells: 5/5 levels left

rFire   . . .      SeeInvis .   l - +4 short sword
rCold   . . .      Faith    .   c - +0 buckler
rNeg    . . .      Spirit   .   b - +0 scale mail
rPois   .          Reflect  .   (no helmet)
rElec   .          Harm     .   (no cloak)
rCorr   .          Rampage  .   i - +0 pair of gloves
Will    .....                   (no boots)
Stlth   ..........              (no amulet)
HPRegen 0.16/turn               (no ring)
MPRegen 0.10/turn               (no ring)

@: no status effects
A: no striking features
a: no special abilities


You were on level 3 of the Dungeon.
You visited 1 branch of the dungeon, and saw 4 of its levels.

You collected 141 gold pieces.

Inventory:

Hand Weapons
 a - a +0 long sword
 h - a +0 hunting sling
 l - a +4 short sword (weapon)
Armour
 b - a +0 scale mail (worn)
 c - a +0 buckler (worn)
 i - a +0 pair of gloves (worn)
Magical Staves
 o - a staff of air
Scrolls
 j - a scroll of immolation {unknown}
 m - a scroll of enchant weapon {unknown}
 p - 2 scrolls of identify {unknown}
 q - a scroll of teleportation {unknown}
 r - a scroll of magic mapping {unknown}
 s - a scroll of enchant armour {unknown}
 t - a scroll of noise {unknown}
Potions
 e - a potion of mutation {unknown}
 f - a potion of brilliance {unknown}
 k - a potion of invisibility {unknown}
 n - a potion of cancellation


   Skills:
 + Level 3.9 Fighting
 + Level 2.0(2.9) Short Blades
 + Level 3.0(3.3) Long Blades
 + Level 4.0 Armour
 + Level 1.1 Dodging
 + Level 0.2 Stealth
 + Level 3.3 Shields


You had 5 spell levels left.
You didn't know any spells.
Your spell library was empty.

Dungeon Overview and Level Annotations

Branches:
Dungeon (4/15)
 Temple: D:4-7

Altars:

Annotations:
D:3 Pikel


Message History

You block Pikel's attack.
You barely miss Pikel.
You feel sick. The adder bites you but does no damage.
You block Pikel's attack. The adder misses you.
You puncture Pikel!
Pikel is moderately wounded.
You feel sick. The adder bites you but does no damage.
Pikel hits you with a +2 whip of flaming.
* * * LOW HITPOINT WARNING * * *
Pikel burns you.
* * * LOW HITPOINT WARNING * * *
You barely miss the adder.
You feel sick. The adder barely misses you. Pikel closely misses you.
It was a potion of curing.
You feel better. You block the adder's attack.
Pikel hits you with a +2 whip of flaming.
* * * LOW HITPOINT WARNING * * *
Pikel burns you.
* * * LOW HITPOINT WARNING * * *
The adder bites you but does no damage.
You feel better. You block the adder's attack. Pikel barely misses you.
You closely miss the adder. The adder barely misses you.
Pikel hits you with a +2 whip of flaming!
* * * LOW HITPOINT WARNING * * *
Pikel burns you.
* * * LOW HITPOINT WARNING * * *
You puncture the adder!
The adder is severely wounded.
The adder bites you.
* * * LOW HITPOINT WARNING * * *
Pikel hits you with a +2 whip of flaming.
* * * LOW HITPOINT WARNING * * *
Pikel burns you.
* * * LOW HITPOINT WARNING * * *
The adder barely misses you.
It was a potion of cancellation.
Your magical effects are unravelling.
You feel magically purged.
You feel a little less mighty now. The adder bites you but does no damage.
Pikel hits you with a +2 whip of flaming!
You die...

#..............<###.<..
#..............##...###
#..........###....###
#..........(....######
######..####.........##
####........#.####.#.
#.........#...# ##†#.
#..S......###.# #....
###...@......##.###....
##......K...............
#..##......##.###.......
#..###....###.#.........
#...###..###..#.#....##.
#....######........#....
#.....# #....##.####...
##....# #.......######.
#...######.........####


You could see Pikel and an adder.

Vanquished Creatures
  A howler monkey (D:2)
  An iguana (D:4)
  10 adders
  2 worms (D:3)
  An orc (D:3)
  2 ball pythons (D:1)
  7 bats
  An endoplasm (D:1)
  2 giant cockroaches (D:1)
  4 goblins
  6 hobgoblins
  4 kobolds
  3 frilled lizards
  3 rats
47 creatures vanquished.

Vanquished Creatures (others)
  4 plants (D:2)
4 creatures vanquished.

Grand Total: 51 creatures vanquished

Notes
Turn   | Place    | Note
-------+----------+-------------------------------------------
     0 | D:1      | seaoflcl the Human Fighter began the quest for the Orb.
     0 | D:1      | Reached XP level 1. HP: 18/18 MP: 1/1
     8 | D:1      | Noticed a centaur
   374 | D:1      | Reached XP level 2. HP: 18/24 MP: 2/2
  1030 | D:1      | Reached XP level 3. HP: 27/29 MP: 3/3
  1515 | D:2      | Reached XP level 4. HP: 33/35 MP: 4/4
  1681 | D:2      | Reached XP level 5. HP: 29/41 MP: 5/5
  2242 | D:3      | Reached skill level 1 in Dodging
  2304 | D:3      | Reached skill level 1 in Short Blades
  2815 | D:4      | Noticed Pikel
  2815 | D:4      | Noticed a lemure
  2815 | D:4      | Noticed a lemure
  2815 | D:4      | Noticed a lemure
  2815 | D:4      | Noticed a lemure
  2988 | D:4      | Reached skill level 4 in Armour
  2988 | D:4      | Reached XP level 6. HP: 33/48 MP: 6/6
  3061 | D:3      | HP: 2/48 [Pikel/+2 whip of flaming (1)]
  3062 | D:3      | Slain by Pikel

Illustrated notes

Levels and vault maps discovered:
D:1:      evilmike_arrival_come_back, layout_loops_corners
D:2:      layout_basic, serial_forest, infiniplex_forest_clump_double,
          infiniplex_forest_straight_5, infiniplex_forest_clump_medium,
          infiniplex_forest_lined_3, infiniplex_forest_clump_double
D:3:      layout_rooms, minivault_19
D:4:      layout_layer_cave, minmay_temple_entry_junction, minmay_crystal_room,
          minmay_ogre_servants, uniq_pikel, uniq_duvessa

Skill      XL: |  1  2  3  4  5 |
---------------+----------------+-----
Long Blades    | 3 |  3.0
Dodging        | 1 |  1.1
Short Blades   | 2 |  2.0
Armour         | 4 |  4.0
Fighting       | |  3.9
Stealth        | |  0.2
Shields        | |  3.3

Action                   |  1- 3 |  4- 6 || total
-------------------------+-------+-------++-------
Melee: Long sword        |    75 |       ||    75
       Short sword       |    13 |   109 ||   122
  Use: Potion            |       |     4 ||     4
Armor: Scale mail        |    47 |    34 ||    81
Dodge: Dodged            |    45 |    51 ||    96
Block: Buckler           |    23 |    24 ||    47
